 Dungeon Sprint DCSS version 0.25-a0-166-g16436c4 (webtiles) character file.

Game seed: 18102590411412157752, levelgen mode: deterministic

2798 schets the Unseen (level 9, -4/39 HPs)
             Began as a Spriggan Enchanter on Nov 24, 2019.
             Was an Elder of Dithmenos.
             Killed from afar by Sigmund (23 damage)
             ... with an orb of energy
             ... in the Dungeon (Sprint III: "The Ten Rune Challenge").
             The game lasted 00:06:48 (1312 turns).

schets the Unseen (Spriggan Enchanter)              Turns: 1312, Time: 00:06:48

Health: -4/39      AC:  4    Str:  4    XL:     9   Next: 43%
Magic:  22/25      EV: 29    Int: 19    God:    Dithmenos [****..]
Gold:   51         SH:  0    Dex: 17    Spells: 7/31 levels left

rFire    . . .     SeeInvis +   a - +1 dagger
rCold    . . .     Gourm    .   (shield restricted)
rNeg     . . .     Faith    .   b - +0 robe
rPois    .         Spirit   .   (helmet restricted)
rElec    .         Reflect  .   (no cloak)
rCorr    .         Harm     .   (gloves unavailable)
MR       +....     NoTele   +   (boots unavailable)
Stlth    +++++++++.             (no amulet)
HPRegen  0.13/turn              (no ring)
MPRegen  0.19/turn              (no ring)

@: wreathed by umbra, very quick
A: very small, unfitting armour, icy blue scales 1, see invisible, herbivore,
speed 3, slow metabolism 2
a: Shadow Step, Renounce Religion


You were in the Dungeon.
You worshipped Dithmenos.
Dithmenos was greatly pleased with you.
You were not hungry.

You visited 1 branch You collected 51 gold pieces.

Inventory:

Hand Weapons
 a - a +1 dagger (weapon)
Missiles
 q - 7 throwing nets (quivered)
Armour
 b - a +0 robe (worn)
Scrolls
 f - a scroll of immolation {unknown}
 j - a scroll of blinking
 k - 2 scrolls of identify {unknown}
 l - 3 scrolls of remove curse
 n - a scroll of torment {unknown}
Potions
 c - 2 potions of mutation
 g - a potion of haste
 h - 2 potions of magic
 i - a potion of berserk rage
 m - 2 potions of flight
 o - 2 potions of might
 p - a potion of heal wounds
Miscellaneous
 e - a lightning rod (4/4)
Comestibles
 d - 4 rations


   Skills:
 + Level 0.0 Fighting
 + Level 1.1 Short Blades
 + Level 13.7 Dodging
 - Level 15.0 Stealth
 + Level 11.9 Spellcasting
 + Level 5.0 Conjurations
 - Level 10.2 Hexes
 + Level 8.7 Transmutations
 - Level 2.2 Fire Magic
 - Level 5.1 Earth Magic


You had 7 spell levels left.
You knew the following spells:

 Your Spells              Type           Power        Failure   Level  Hunger
a - Corona                Hex            ######.      1%          1    None
b - Ensorcelled Hibernat  Hex/Ice        ####..       1%          2    None
c - Confuse               Hex            ######..     1%          3    None
d - Dazzling Spray        Conj/Hex       #####.       1%          3    None
e - Yara's Violent Unrav  Hex/Tmut       #####.....   3%          5    ####...
f - Petrify               Tmut/Erth      #####...     3%          4    ##.....
g - Mephitic Cloud        Conj/Pois/Air  ###.....     10%         3    None
h - Conjure Flame         Conj/Fire      ####....     4%          3    None

Your spell library contained the following spells:

 Spells                   Type           Power        Failure   Level  Hunger
 Confusing Touch          Hex            ######       1%          1    None
 Magic Dart               Conj           ####         1%          1    None
 Slow                     Hex            ######..     1%          2    None
 Tukima's Dance           Hex            ######..     1%          3    None
 Blink                    Tloc           N/A          10%         2    None
 Call Imp                 Summ           ##......     10%         2    None
 Gell's Gravitas          Tloc           ##........   19%         3    None
 Metabolic Englaciation   Hex/Ice        ####......   21%         5    ####...


Dungeon Overview and Level Annotations

Branches:
Dungeon (1/1)

Altars:
Cheibriados
Dithmenos
Elyvilon
Fedhas
Gozag
Hepliaklqana
Kikubaaqudgha
Makhleb
Nemelex Xobeh
Okawaru
Qazlal
Ru
Sif Muna
Trog
Uskayaw
Vehumet
Wu Jian
Xom
Yredelemnul
Zin
The Shining One
Beogh
Jiyva
Lugonu

Annotations:
D Edmund, Sigmund


Innate Abilities, Weirdness & Mutations

You are very small and have problems with some larger weapons.
You are too small for most types of armour.
You have supernaturally acute eyesight. (SInv)
You are a herbivore.
You cover ground extremely quickly.
You need to consume almost no food.
You are partially covered in icy blue scales. (AC +2)


Message History

Okay, then.
Casting: Dazzling Spray (safe; 1% risk of failure)
Confirm with . or Enter, or press ? or * to list all spells.
Okay, then.
Unknown command.
Unknown command.
Casting: Dazzling Spray (safe; 1% risk of failure)
Confirm with . or Enter, or press ? or * to list all spells.
Aiming: Mephitic Cloud (safe; 10% risk of failure)
Press: ? - help, Shift-Dir - straight line, f - Edmund
Aim: Edmund, wielding a +2 great mace of freezing (umbra)
The ball explodes into a vile cloud!
The stinking cloud engulfs Edmund but does no damage.
The stinking cloud engulfs Sigmund but does no damage.
Sigmund is severely wounded.
Edmund is engulfed in noxious fumes.
Edmund appears confused.
Sigmund points at you and mumbles some strange words.
The orb of energy hits you!!
Ouch! That really hurt!
You die...

#+#####################
#....#)#)#.....#......+
##.#.)#.##.###.#......#
'##.#.#.##.#..##......#
#...#..#..##.)'.(.....#
▓▓▓▓▓▓▓▓▓▓▓▓▓▓#..)....#
#.......# +.......#
#.@.....# ##'######
#☼.☼+ #@☼○# #..@# #####


You could see Edmund (confused) and Sigmund.

Vanquished Creatures
  Erolcha (D)
  A deep elf mage (D)
  2 redbacks (D)
  A shadow (D)
  A necrophage (D)
  5 two-headed ogres (D)
  A jelly (D)
  A wizard (D)
  A necromancer (D)
  A kobold demonologist (D)
  3 humans (D)
  2 oozes (D)
  A phantom (D)
  2 rats (D)
23 creatures vanquished.

Vanquished Creatures (others)
  2 draconian scorchers (D)
  6 hellions (D)
  A yaktaur (D)
9 creatures vanquished.

Grand Total: 32 creatures vanquished

Notes
Turn   | Place    | Note
-------+----------+-------------------------------------------
     0 | D        | schets the Spriggan Enchanter began the quest for the Orb.
     0 | D        | Reached XP level 1. HP: 9/9 MP: 5/5
     4 | D        | Reached skill level 5 in Stealth
     7 | D        | Reached skill level 6 in Stealth
     7 | D        | Reached XP level 2. HP: 13/13 MP: 5/7
    31 | D        | Learned a level 2 spell: Ensorcelled Hibernation
   137 | D        | Killed a hellion
   139 | D        | Killed a yaktaur
   149 | D        | Killed a hellion
   150 | D        | Killed a hellion
   169 | D        | Killed a hellion
   286 | D        | Killed a hellion
   290 | D        | Killed a white draconian scorcher
   299 | D        | Reached skill level 7 in Stealth
   299 | D        | Reached XP level 3. HP: 16/16 MP: 0/9
   320 | D        | Killed a white draconian scorcher
   386 | D        | Learned a level 3 spell: Confuse
   390 | D        | Learned a level 3 spell: Dazzling Spray
   438 | D        | Gained mutation: You are partially covered in icy blue
                  | scales. (AC +2) [potion of mutation]
   443 | D        | Killed a hellion
   474 | D        | Noticed a water elemental
   508 | D        | Found a basalt altar of Yredelemnul.
   508 | D        | Found a shadowy altar of Dithmenos.
   508 | D        | Found a sacrificial altar of Ru.
   508 | D        | Noticed a necrophage
   508 | D        | Noticed a necromancer
   516 | D        | Killed a necrophage
   516 | D        | Reached skill level 10 in Stealth
   516 | D        | Reached skill level 5 in Spellcasting
   516 | D        | Reached XP level 4. HP: 4/21 MP: 0/12
   520 | D        | Reached XP level 5. HP: 23/24 MP: 1/14
   623 | D        | Became a worshipper of Dithmenos the Shadowed
   631 | D        | Noticed a shadow
   633 | D        | Killed a shadow
   633 | D        | Reached skill level 12 in Stealth
   633 | D        | Reached XP level 6. HP: 28/28 MP: 15/17
   637 | D        | Reached skill level 13 in Stealth
   641 | D        | Found a blossoming altar of Fedhas.
   641 | D        | Found a stormy altar of Qazlal.
   641 | D        | Found a snail-covered altar of Cheibriados.
   641 | D        | Found a burning altar of Makhleb.
   641 | D        | Found a shimmering altar of Xom.
   642 | D        | Found a hazy altar of Hepliaklqana.
   642 | D        | Found an opulent altar of Gozag.
   642 | D        | Found a sparkling altar of Nemelex Xobeh.
   642 | D        | Found a corrupted altar of Lugonu.
   642 | D        | Found a viscous altar of Jiyva.
   642 | D        | Noticed a spatial vortex
   669 | D        | Found a hide-covered altar of Uskayaw.
   669 | D        | Found a roughly hewn altar of Beogh.
   669 | D        | Found an iron altar of Okawaru.
   669 | D        | Found a bloodstained altar of Trog.
   669 | D        | Found an ornate altar of the Wu Jian Council.
   669 | D        | Noticed a human
   670 | D        | Noticed a human
   672 | D        | Killed a human
   672 | D        | Reached * piety under Dithmenos
   672 | D        | Reached skill level 14 in Stealth
   673 | D        | Killed a human
   673 | D        | Reached skill level 10 in Dodging
   673 | D        | Reached skill level 15 in Stealth
   673 | D        | Reached XP level 7. HP: 32/32 MP: 18/20
   686 | D        | Found a radiant altar of Vehumet.
   686 | D        | Found a shimmering blue altar of Sif Muna.
   686 | D        | Found an ancient bone altar of Kikubaaqudgha.
   690 | D        | Reached ** piety under Dithmenos
   703 | D        | Learned a level 5 spell: Yara's Violent Unravelling
   708 | D        | Learned a level 4 spell: Petrify
   712 | D        | Learned a level 3 spell: Mephitic Cloud
   716 | D        | Learned a level 3 spell: Conjure Flame
   723 | D        | Found a glowing silver altar of Zin.
   723 | D        | Found a glowing golden altar of the Shining One.
   723 | D        | Found a white marble altar of Elyvilon.
   724 | D        | Noticed a deep elf mage
   726 | D        | Killed a deep elf mage
   726 | D        | Reached skill level 10 in Hexes
   726 | D        | Reached XP level 8. HP: 36/36 MP: 20/22
   754 | D        | Reached skill level 10 in Spellcasting
   756 | D        | Reached skill level 1 in Fire Magic
   756 | D        | Reached skill level 1 in Earth Magic
   759 | D        | Reached *** piety under Dithmenos
   759 | D        | Reached skill level 5 in Transmutations
   764 | D        | Noticed a two-headed ogre
   782 | D        | Killed a two-headed ogre
   973 | D        | Noticed a two-headed ogre
   973 | D        | Noticed Erolcha
   975 | D        | Killed Erolcha
   975 | D        | Reached XP level 9. HP: 37/39 MP: 23/25
   991 | D        | Killed a two-headed ogre
  1233 | D        | Reached **** piety under Dithmenos
  1234 | D        | Reached skill level 5 in Conjurations
  1234 | D        | Reached skill level 5 in Earth Magic
  1304 | D        | Noticed Sigmund
  1304 | D        | Noticed Edmund
  1312 | D        | Killed from afar by Sigmund

Levels and vault maps discovered:
D:        dungeon_sprint_mu [sprint_mu_entry_forest, sprint_mu_temple_rooms,
          sprint_mu_d1_spiders, sprint_mu_d2_genie, sprint_mu_d3_branching,
          sprint_mu_orc_legion, sprint_mu_elf_gauntlet, sprint_mu_hive_nellie,
          sprint_mu_lair_fedhas, sprint_mu_vaults_butterflies,
          sprint_mu_slime_circle, sprint_mu_shoals_kraken,
          sprint_mu_snake_twists, sprint_mu_blade_basic, sprint_mu_crypt_lich,
          sprint_mu_tomb_spiral, sprint_mu_vestibule_basic,
          sprint_mu_gehenna_hellfire, sprint_mu_dis_giant,
          sprint_mu_tartarus_statrot, sprint_mu_cocytus_islands, sprint_mu_zot1]

Skill      XL: |  1  2  3  4  5  6  7  8  9 |
---------------+----------------------------+-----
Stealth        | 6 7 10 12 15 | 15.0
Spellcasting   | 3 4 5 6 7 8 9 11 | 11.9
Hexes          | 4 6 7 9 10 | 10.2
Dodging        | 4 6 7 8 10 11 13 | 13.7
Conjurations   | 2 4 5 |  5.0
Transmutations | 4 7 8 |  8.7
Fire Magic     | 2 |  2.2
Earth Magic    | 4 5 |  5.1
Short Blades   | |  1.1

Action                   |  1- 3 |  4- 6 |  7- 9 || total
-------------------------+-------+-------+-------++-------
Melee: Dagger            |    18 |     6 |    13 ||    37
 Cast: Ensorcelled Hiber |    10 |       |     4 ||    14
       Confuse           |     4 |       |       ||     4
       Dazzling Spray    |       |       |     2 ||     2
       Mephitic Cloud    |       |       |     1 ||     1
  Use: Potion            |     3 |     2 |       ||     5
 Stab: Sleeping          |     6 |     4 |    12 ||    22
       Confused          |     3 |       |       ||     3
Armor: Robe              |     1 |     1 |       ||     2
Dodge: Dodged            |    22 |     3 |     8 ||    33

Table legend:
 A = Non-vault XP
 B = Vault XP
 C = Vault XP percentage of total XP
 D = Non-vault monster count
 E = Vault monster count
 F = Vault count percentage of total count
                 A         B        C        D         E       F
            +---------+---------+-------+---------+---------+-------
      Total |       0 |    3998 | 100.0 |       0 |      23 | 100.0
            +---------+---------+-------+---------+---------+-------
          D |       0 |    3998 | 100.0 |       0 |      23 | 100.0
            +---------+---------+-------+---------+---------+-------
